Map: Ulrena

Players

TheSkyMarine

  • Race: Zerg Zerg
  • League: Platinum

LÉopOLDineFr - Winner!

  • Race: Terran Terran
  • League: Platinum

VOD

Have the link to the VOD?

Description

8 hellbat + 8 marines + 1 medivacs in base 5:15

Time

  • Played on: Dec. 11, 2015, 7:38 a.m.
  • Length: 12:48
Show
View Real Time Build Order
Export as new Build Order

TheSkyMarine Zerg 

Build Orders: Hatch First 

Get SALT Encoding   

  12  0:01  Drone  
  13  0:13  Drone  
  14  0:16  Extractor  
  14  0:17  Extractor  
  14  0:18  Drone  
  13  0:22  Drone  
  16  0:28  Overlord  
  16  0:47  Drone  
  16  0:48  Drone  
  18  1:04  Drone  
  19  1:11  Hatchery  
  18  1:19  Drone, Spawning Pool  
  18  1:24  Drone  
  18  1:25  Extractor  
  18  1:33  Drone  
  19  1:42  Overlord  
  19  1:59  Drone  
  20  2:06  Drone  
  20  2:08  Queen  
  21  2:09  Roach Warren  
  21  2:14  Drone  
  23  2:23  Queen  
  23  2:24  Drone x2  
  27  2:34  Drone  
  28  2:38  Drone  
  29  2:50  Roach x2  
  33  2:55  Overlord  
  33  3:02  Drone  
  33  3:04  Lair  
  34  3:11  Evolution Chamber, Drone  
  34  3:12  Evolution Chamber, Drone  
  34  3:16  Drone  
  35  3:24  Drone  
  36  3:29  Spine Crawler  
  36  3:30  Drone x3  
  38  3:35  Extractor  
  38  3:39  Roach x3  
  43  3:44  Spore Crawler  
  43  3:46  Drone  
  43  3:53  Overlord  
  43  4:05  Glial Reconstitution  
  43  4:09  Drone  
  44  4:11  Drone x2  
  44  4:12  Drone x4  
  44  4:13  Drone  
  51  4:30  Overlord  
  51  4:35  Hydralisk Den, Overseer  
  50  4:43  Drone  
  50  4:44  Drone  
  52  4:48  Roach  
  52  4:50  Roach x4  
  60  4:53  Overlord  
  60  4:58  Spine Crawler  
  59  5:09  Overlord  
  59  5:15  Roach  
  60  5:30  Roach  
  60  5:31  Roach x2  
  60  5:32  Drone x2  
  68  5:44  Roach x3  
  70  5:58  Roach x3  
  76  6:09  Overlord  
  74  6:14  Roach  
  76  6:22  Overlord  
  76  6:29  Roach x2  
  76  6:30  Roach  
  76  6:31  Roach  
  72  6:36  Roach x3  
  76  6:45  Roach x2  
  80  6:50  Roach x2  
  84  6:54  Drone  
  84  6:56  Roach  
  84  6:59  Drone  
  84  7:00  Hatchery  
  87  7:01  Extractor  
  87  7:03  Extractor  
  87  7:05  Spine Crawler x2  
  87  7:06  Drone x2, Spine Crawler  
  87  7:07  Drone x2  
  86  7:10  Drone  
  86  7:11  Queen  
  89  7:18  Overlord  
  89  7:22  Queen  
  91  7:35  Ravager x2  
  91  7:36  Ravager  
  91  7:37  Hydralisk x3  
  92  7:40  Drone x2  
  100  7:58  Overlord  
  100  8:03  Muscular Augments  
  100  8:04  Evolution Chamber  
  99  8:07  Drone  
  99  8:12  Overlord x2  
  100  8:15  Evolution Chamber  
  100  8:16  Hydralisk x5  
  109  8:22  Queen  
  109  8:24  Drone x3  
  114  8:33  Ravager  
  114  8:34  Ravager  
  116  8:35  Drone x2  
  116  8:37  Zerg Missile Weapons Level 1  
  118  8:44  Drone  
  118  8:45  Drone x6  
  118  8:47  Roach x2  
  129  8:53  Overseer  
  129  8:58  Overlord  
  129  9:01  Ravager  
  129  9:02  Overlord  
  130  9:13  Overlord  
  130  9:26  Hydralisk x3, Roach x2  
  130  9:27  Roach  
  130  9:30  Roach x2  
  146  9:32  Drone x2  
  146  9:37  Drone x2  
  150  9:42  Hydralisk x2  
  150  9:44  Overlord  
  154  10:10  Hydralisk x3  
  154  10:14  Drone x2, Overseer  
  162  10:20  Extractor  
  161  10:21  Extractor  
  161  10:23  Roach  
  161  10:24  Hatchery  
  161  10:26  Overlord x2  
  161  10:46  Zerg Ground Armor Level 1  
  161  10:49  Ravager  
  164  10:50  Ravager x4  
  164  10:51  Roach  
  164  10:52  Roach  
  164  10:53  Drone  
  164  10:54  Drone x6  
  164  10:55  Drone  
  178  11:02  Overlord  
  178  11:03  Overlord  
  115  11:28  Hydralisk  
  115  11:29  Hydralisk x5  
  100  11:42  Roach x6  
  100  11:43  Roach x4  
  116  11:49  Roach x2  
  120  11:58  Hydralisk x4  
  118  12:02  Hydralisk x3  
  122  12:12  Ravager x4  
  122  12:13  Ravager  
  122  12:15  Hydralisk  
  121  12:16  Zergling x10  
Show
View Real Time Build Order
Export as new Build Order

LÉopOLDineFr Terran - Winner!

Build Orders: Hellion Opening, Mech 

Get SALT Encoding   

  12  0:01  SCV  
  13  0:13  SCV  
  14  0:18  Supply Depot  
  14  0:25  SCV  
  15  0:39  SCV  
  15  0:40  Barracks  
  16  0:45  Refinery  
  16  0:51  SCV  
  17  1:03  SCV  
  18  1:15  SCV  
  19  1:27  Barracks Reactor  
  19  1:28  Orbital Command  
  19  1:41  Command Center  
  19  1:50  Supply Depot  
  20  1:54  SCV  
  20  2:05  Factory  
  20  2:07  Marine  
  21  2:08  Marine  
  21  2:12  SCV  
  23  2:17  Refinery  
  23  2:25  Marine  
  23  2:26  Marine  
  23  2:28  SCV  
  26  2:40  SCV  
  27  2:53  Starport, Orbital Command  
  27  2:55  Barracks Reactor  
  27  2:58  Hellion  
  29  3:02  Hellion  
  31  3:07  SCV  
  32  3:14  Armory, Orbital Command  
  32  3:22  Hellion  
  34  3:28  Hellion  
  34  3:31  SCV  
  37  3:35  Supply Depot  
  37  3:45  SCV  
  37  3:48  Marine x2  
  38  3:49  Medivac  
  38  3:51  Hellion  
  44  3:56  Hellion  
  44  3:57  SCV  
  47  4:08  Marine  
  47  4:09  Marine  
  49  4:16  Terran Vehicle And Ship Armor Level 1  
  49  4:22  Hellion x2  
  53  4:24  Supply Depot, SCV  
  53  4:28  SCV, Medivac, Marine x2  
  59  4:43  Hellion  
  61  4:45  Marine  
  61  4:46  Hellion, Marine  
  65  5:05  Starport Tech Lab  
  65  5:07  Factory  
  65  5:08  SCV x2  
  65  5:12  Refinery  
  65  5:13  Refinery  
  67  5:16  Supply Depot  
  67  5:17  Supply Depot  
  62  6:13  Marine x2  
  62  6:14  Banshee, Hellion  
  62  6:16  Factory Tech Lab  
  57  6:54  Marine x2  
  56  6:55  Hellion, Siege Tank  
  56  6:56  Hellion  
  56  6:57  Banshee  
  56  7:01  Terran Vehicle Weapons Level 1  
  67  7:02  Infernal Pre-Igniter  
  67  7:05  SCV x2  
  69  7:16  Bunker  
  69  7:17  SCV x2, Bunker  
  69  7:20  Marine x2  
  73  7:24  Supply Depot, Factory  
  73  7:27  Supply Depot  
  73  7:29  SCV x2  
  71  7:41  SCV x2  
  71  7:42  Siege Tank  
  71  7:43  Banshee, Hellion x2  
  71  7:44  Marine x2  
  85  7:52  Supply Depot  
  85  7:53  SCV x2, Supply Depot  
  85  7:55  Supply Depot  
  85  8:05  SCV  
  85  8:06  SCV, Cloaking Field  
  85  8:08  Hellion x2, Marine x2  
  85  8:09  Factory Tech Lab  
  93  8:13  Supply Depot  
  93  8:15  Supply Depot  
  93  8:18  SCV x2  
  95  8:21  Supply Depot  
  95  8:30  SCV x2  
  95  8:32  Siege Tank x2  
  95  8:33  Hellion  
  105  8:35  Hellion  
  105  8:39  Banshee  
  110  8:44  Factory  
  110  8:50  SCV x2  
  110  8:51  Starport  
  112  9:03  Command Center, SCV x2  
  112  9:08  Terran Vehicle And Ship Armor Level 2  
  114  9:17  SCV x2, Engineering Bay  
  114  9:19  Thor  
  118  10:08  Siege Tank x2  
  118  10:09  Hellion x2  
  118  10:10  Banshee  
  123  10:15  Viking  
  123  10:16  Hellion x2  
  129  10:30  Hellion x2  
  133  10:37  Widow Mine x2  
  133  10:40  Siege Tank  
  140  10:52  Banshee  
  140  10:53  Siege Tank  
  140  10:54  Hellion x2  
  150  11:05  Supply Depot x2  
  150  11:06  Hellion x2  
  150  11:08  Supply Depot  
  150  11:09  Supply Depot  
  150  11:13  Hellion  
  150  11:15  Supply Depot, Hellion  
  131  11:41  Siege Tank x2  
  131  11:42  Hellion x4  
  145  11:57  Command Center  
  140  12:13  Siege Tank x2  
  132  12:31  SCV x2  
Tags
 
Add a new tag
Caveats
  • Supply blocks, unpowered buildings, or Contaminate may cause inaccurate times.
  • Supply counts are checked every 10 seconds.